 Dungeon Crawl Stone Soup version 0.29-a0-360-g8ed1089bbe (webtiles) character file.

Game seed: 8226789380929403769

402 HendSelp the Cudgeller (level 6, -1/67 HPs)
             Began as an Ogre Berserker on Apr 28, 2022.
             Was a Believer of Trog.
             Slain by a fire bat (5 damage)
             ... on level 5 of the Dungeon.
             The game lasted 00:08:38 (4903 turns).

HendSelp the Cudgeller (Ogre Berserker)             Turns: 4903, Time: 00:08:39

Health: -1/67      AC:  4    Str: 27    XL:     6   Next: 85%
Magic:  15/15      EV: 10    Int:  8    God:    Trog [**....]
Gold:   133        SH:  0    Dex: 10    Spells: 5/5 levels left

rFire   + + .      SeeInvis .   a - +0 mace (freeze)
rCold   + + .      Faith    .   (no shield)
rNeg    . . .      Spirit   .   b - +0 animal skin
rPois   +          Reflect  .   (helmet restricted)
rElec   +          Harm     .   p - +0 cloak
rCorr   +          Rampage  .   (gloves unavailable)
Will    ++...                   (boots unavailable)
Stlth   +.........              (no amulet)
HPRegen 1.21/turn               g - ring of protection from fire
MPRegen 0.14/turn               s - ring "Nythredd" {Drain rPois rC+ MP+9 Str+3 Dex+2}

@: resistant, strong-willed, on berserk cooldown, regenerating, slowed, very
slow
A: large, unfitting armour, tough skin 1
a: Renounce Religion, Berserk, Trog's Hand


You were on level 5 of the Dungeon.
You worshipped Trog.
Trog was pleased with you.
You visited 1 branch of the dungeon, and saw 5 of its levels.

You collected 133 gold pieces.

Inventory:

Hand Weapons
 a - a +0 mace of freezing (weapon)
Missiles
 l - a throwing net
Armour
 b - a +0 animal skin (worn)
 p - a +0 cloak (worn)
Jewellery
 g - a ring of protection from fire (left hand)
 o - a ring of willpower
 q - a ring of flight
 s - the ring "Nythredd" (right hand) {Drain rPois rC+ MP+9 Str+3 Dex+2}
   (You found it on level 4 of the Dungeon)

   [ring of magical power]

   Str:       It affects your strength (+3).
   Dex:       It affects your dexterity (+2).
   rC:        It protects you from cold.
   rPois:     It protects you from poison.
   MP:        It affects your magic capacity (+9).
   Drain:     It drains your maximum health when unequipped.
Wands
 v - a wand of polymorph (4)
Scrolls
 m - a scroll of immolation
 n - 2 scrolls of fog
 r - 2 scrolls of teleportation
Potions
 c - 2 potions of flight
 d - 2 potions of resistance
 e - a potion of brilliance {unknown}
 f - a potion of ambrosia {unknown}
 i - a potion of magic {unknown}
 j - a potion of degeneration {unknown}
 k - a potion of lignification {unknown}
 t - a potion of haste {unknown}


   Skills:
 + Level 5.8 Fighting
 * Level 6.1 Maces & Flails
 - Level 2.6 Dodging


You had 5 spell levels left.
You didn't know any spells.
Your spell library was empty.

Dungeon Overview and Level Annotations

Branches:
Dungeon (5/15)
 Temple: D:4-7

Altars:
Ashenzari
Elyvilon
Gozag
Nemelex Xobeh
Ru
Sif Muna
Trog
Uskayaw
Vehumet
Zin
The Shining One


Innate Abilities, Weirdness & Mutations

You are too large for most types of armour.
You have tough skin. (AC +1)


Message History

Unknown command.
You feel better. The fire bat closely misses you.
The necrophage barely misses you.
The necrophage hits you but does no damage.
Unknown command.
Unknown command.
Unknown command.
You feel better. The fire bat closely misses you. The fire bat bites you.
* * * LOW HITPOINT WARNING * * *
You are engulfed in flames.
You resist.
* * * LOW HITPOINT WARNING * * *
The necrophage barely misses you. The fire bat bites you.
* * * LOW HITPOINT WARNING * * *
You are engulfed in flames.
You resist.
* * * LOW HITPOINT WARNING * * *
Unknown command.
Unknown command.
Unknown command.
Okay, then.
Okay, then.
Your skin crawls.
You feel strong-willed. The fire bat bites you.
* * * LOW HITPOINT WARNING * * *
You are engulfed in flames.
You resist.
* * * LOW HITPOINT WARNING * * *
The necrophage closely misses you. The necrophage hits you.
* * * LOW HITPOINT WARNING * * *
Unknown command.
Unknown command.
Unknown command.
Unknown command.
Unknown command.
Unknown command.
Unknown command.
You remove your ring of willpower.
The fire bat misses you.
g - a ring of protection from fire (left hand)
You hear the slow rusting of a drain nearby.
The fire bat bites you.
You die...

#.........##..........
##.........#..........
#......[......#......
#...<.........#......
#..............#
#.##.......##.## ...
#.......##..# #...
#........#..##... #.
##.......@b....... #
#........n........
...................
.##................
##..###.......... ..
#.........[ .
##......... #..[.....


You could see a necrophage and a fire bat.

Vanquished Creatures
  A phantom (D:3)
  A howler monkey (D:4)
  Crazy Yiuf (D:3)
  2 iguanas (D:5)
  An orc wizard (D:3)
  3 gnolls (D:4)
  7 adders
  An ufetubus (D:4)
  A worm (D:2)
  2 dart slugs
  5 orcs (D:3)
  4 ball pythons
  8 endoplasms
  A giant cockroach (D:1)
  8 goblins
  5 hobgoblins
  5 jackals
  A quokka (D:3)
  7 bats
  5 frilled lizards
  8 kobolds
  10 rats
87 creatures vanquished.

Vanquished Creatures (others)
  A fungus (D:3)
1 creature vanquished.

Grand Total: 88 creatures vanquished

Notes
Turn   | Place    | Note
-------+----------+-------------------------------------------
     0 | D:1      | HendSelp the Ogre Berserker began the quest for the Orb.
     0 | D:1      | Reached XP level 1. HP: 24/24 MP: 1/1
   194 | D:1      | Reached skill level 3 in Maces & Flails
   194 | D:1      | Reached XP level 2. HP: 33/33 MP: 2/2
   790 | D:1      | Reached XP level 3. HP: 40/40 MP: 3/3
  1587 | D:2      | Reached ** piety under Trog
  1718 | D:2      | You fall into a shaft and drop 1 floor!
  1718 | D:3      | Noticed a phantom
  1756 | D:3      | Killed a phantom
  1757 | D:3      | Reached skill level 5 in Fighting
  1757 | D:3      | Reached skill level 4 in Maces & Flails
  1757 | D:3      | Reached XP level 4. HP: 50/50 MP: 4/4
  1757 | D:3      | Reached XP level 5. HP: 57/57 MP: 5/5
  2208 | D:2      | Found a faded altar of an unknown god.
  2680 | D:3      | Reached skill level 5 in Maces & Flails
  3287 | D:3      | Reached XP level 6. HP: 53/66 MP: 6/6
  3490 | D:3      | Found a runed translucent door.
  3491 | D:3      | Noticed Crazy Yiuf
  3571 | D:3      | Killed Crazy Yiuf
  4520 | D:4      | Identified the ring "Nythredd" {Drain rPois rC+ MP+9 Str+3
                  | Dex+2}
  4589 | D:4      | Found a hide-covered altar of Uskayaw.
  4591 | D:4      | Found a glowing silver altar of Zin.
  4594 | D:4      | Found an opulent altar of Gozag.
  4597 | D:4      | Found a sacrificial altar of Ru.
  4598 | D:4      | Found a sparkling altar of Nemelex Xobeh.
  4600 | D:4      | Found a radiant altar of Vehumet.
  4600 | D:4      | Found a bloodstained altar of Trog.
  4601 | D:4      | Found a shimmering blue altar of Sif Muna.
  4603 | D:4      | Found a white marble altar of Elyvilon.
  4607 | D:4      | Found a broken altar of Ashenzari.
  4608 | D:4      | Found a glowing golden altar of the Shining One.
  4859 | D:5      | Entered Level 5 of the Dungeon
  4872 | D:5      | Reached skill level 6 in Maces & Flails
  4895 | D:5      | Noticed a water moccasin
  4897 | D:5      | Noticed a fire bat
  4897 | D:5      | a water moccasin changed into a fire bat
  4901 | D:5      | HP: 3/67 [fire bat (4)]
  4903 | D:5      | Slain by a fire bat

Illustrated notes

Levels and vault maps discovered:
D:1:      dpeg_arrival_pits, layout_loops_corners,
          chequers_serial_rivers_small_b, minmay_misc_feat_ornament,
          nicolae_concentric_dashed_squares_mild, hangedman_decor_push,
          chequers_serial_rivers_small_b, minmay_misc_feat_more_columns
D:2:      layout_loops_ring, shapermc_ecumenical_altar_notcrosses,
          grunt_ministairs_2, minmay_misc_feat_secret_circle
D:3:      layout_basic, grunt_ministairs_2, minmay_close_crescents,
          uniq_crazy_yiuf_cottage
D:4:      layout_gridville, nicolae_overflow_hallway_of_the_gods
D:5:      layout_cave_pools, portal_sewer_entry_f, uniq_grinder

Skill      XL: |  1  2  3  4  5  6 |
---------------+-------------------+-----
Maces & Flails | 3 4 5 6 |  6.1
Fighting       | 5 |  5.8
Dodging        | |  2.6

Action                   |  1- 3 |  4- 6 || total
-------------------------+-------+-------++-------
Melee: Mace              |   111 |   194 ||   305
       Unarmed           |       |     1 ||     1
Invok: Berserk           |     1 |     4 ||     5
       Trog's Hand       |       |     1 ||     1
Evoke: Wand              |       |     1 ||     1
  Use: Scroll            |     5 |     4 ||     9
       Potion            |       |     3 ||     3
 Stab: Sleeping          |     2 |       ||     2
Armor: Animal skin       |    34 |    52 ||    86
Dodge: Dodged            |    57 |   106 ||   163

Table legend: (Time is in decaauts)
 A = Elapsed time spent in this place.
 B = Non-inter-level travel time spent in this place.
 C = Inter-level travel time spent in this place.
 D = Time resting spent in this place.
 E = Time spent auto-exploring this place.
 F = Levels seen in this place.
 G = Mean time per level.
                   A        B        C        D        E       F      G
               +--------+--------+--------+--------+--------+-----+--------+
         Total |   4985 |   4819 |    166 |    884 |   3225 |   5 |  997.0 |
       Dungeon |   4985 |   4819 |    166 |    884 |   3225 |   5 |  997.0 |
               +--------+--------+--------+--------+--------+-----+--------+

Top non-repeatable levels by time:
     D:3: 1595 daAuts
     D:1: 1473 daAuts
     D:4: 1010 daAuts
     D:2: 856 daAuts
     D:5: 49 daAuts
